[Event "FIDE Grand Swiss 2023"]
[Site "Villa Marina, Douglas, Isle of Man"]
[Date "2023.10.25"]
[Round "1.1"]
[White "Saric, Ivan"]
[Black "Caruana, Fabiano"]
[Result "0-1"]
[WhiteElo "2647"]
[BlackElo "2786"]
[EventDate "2023.10.25"]
[ECO "B90"]
[PlyCount "60"]
[BlackFideId "2020009"]
[TimeControl "40/100 + 20/50 + 15 + 30s/move"]
[WhiteFideId "14508150"]
[ePGN "0.1;DGT LiveChess/2.2.5"]

1.e4 c5 2.Nf3 d6 3.d4 cxd4 4.Nxd4 Nf6 5.Nc3 a6 6.Bd3 g6 7.f3 Bg7 8.Be3 Nbd7 9.Qd2 b5 10.a4 b4 11.Nce2 d5 12.Bh6 Bxh6 13.Qxh6 dxe4 14.Bxe4 Nxe4 15.fxe4 Qc7 16.O-O Nf6 17.Rxf6 exf6 18.Qg7 Rf8 19.Qxf6 Bb7 20.Nf4 Qd8 21.Qe5+ Qe7 22.Qa5 Rc8 23.Nd3 f5 24.Nf4 fxe4 25.Nfe6 Qf6 26.h3 Rf7 27.Re1 Qf2+ 28.Kh2 Qxe1 29.Qe5 Re7 30.Nb3 Qf2 0-1

[Event "FIDE Grand Swiss 2023"]
[Site "Villa Marina, Douglas, Isle of Man"]
[Date "2023.10.25"]
[Round "1.2"]
[White "Nakamura, Hikaru"]
[Black "Svane, Rasmus"]
[Result "1/2-1/2"]
[WhiteElo "2780"]
[BlackElo "2646"]
[EventDate "2023.10.25"]
[ECO "C54"]
[PlyCount "94"]
[BlackFideId "4657101"]
[TimeControl "40/100 + 20/50 + 15 + 30s/move"]
[WhiteFideId "2016192"]

1.e4 e5 2.Nf3 Nc6 3.Bc4 Nf6 4.d3 Bc5 5.c3 d6 6.O-O h6 7.Re1 O-O 8.h3 Bb6 9.Nbd2 Ne7 10.Bb3 c6 11.d4 Ng6 12.Bc2 Re8 13.a4 a5 14.Nf1 d5 15.exd5 e4 16.N3d2 cxd5 17.f3 exf3 18.Rxe8+ Qxe8 19.Qxf3 Qc6 20.Ne3 Bd7 21.Ndf1 Re8 22.Ng3 Bc7 23.Qf2 Bxg3 24.Qxg3 Ne4 25.Bxe4 Rxe4 26.Nf1 f5 27.Nd2 f4 28.Qf2 Re8 29.Nf3 Bf5 30.h4 Bg4 31.Ne5 Nxe5 32.dxe5 Rxe5 33.Bxf4 Re2 34.Qg3 Bf5 35.Rf1 Be4 36.Rf2 Rxf2 37.Qxf2 Qxa4 38.Be5 Qd7 39.Qf4 b5 40.Kh2 Kh7 41.Bc7 a4 42.Be5 Qe7 43.Bd4 b4 44.cxb4 Qxb4 45.Qe5 Qb7 46.Qf4 Qd7 47.Bc3 Qf5 1/2-1/2

[Event "FIDE Grand Swiss 2023"]
[Site "Villa Marina, Douglas, Isle of Man"]
[Date "2023.10.25"]
[Round "1.3"]
[White "Ponomariov, Ruslan"]
[Black "Firouzja, Alireza"]
[Result "1/2-1/2"]
[WhiteElo "2641"]
[BlackElo "2777"]
[EventDate "2023.10.25"]
[ECO "A29"]
[PlyCount "63"]
[BlackFideId "12573981"]
[TimeControl "40/100 + 20/50 + 15 + 30s/move"]
[WhiteFideId "14103320"]

1.c4 e5 2.Nc3 Nf6 3.Nf3 Nc6 4.g3 d5 5.cxd5 Nxd5 6.Bg2 Nb6 7.O-O Be7 8.d3 O-O 9.Be3 Re8 10.Rc1 Bf8 11.d4 exd4 12.Nxd4 Nxd4 13.Bxd4 c6 14.Qd3 Be6 15.Rfd1 Qg5 16.h4 Qa5 17.Qc2 Rad8 18.a3 Rd7 19.Ne4 Bf5 20.b4 Qb5 21.Bc5 Bxc5 22.bxc5 Nd5 23.e3 Qa5 24.Rd4 Qxa3 25.Ra4 Nxe3 26.fxe3 Qxe3+ 27.Kh2 Kf8 28.Rf1 Bxe4 29.Rxe4 Rxe4 30.Qxe4 Qxe4 31.Bxe4 g6 32.g4 1/2-1/2

[Event "FIDE Grand Swiss 2023"]
[Site "Villa Marina, Douglas, Isle of Man"]
[Date "2023.10.25"]
[Round "1.4"]
[White "Giri, Anish"]
[Black "Sadhwani, Raunak"]
[Result "1/2-1/2"]
[WhiteElo "2760"]
[BlackElo "2641"]
[EventDate "2023.10.25"]
[ECO "D02"]
[PlyCount "76"]
[BlackFideId "35093487"]
[TimeControl "40/100 + 20/50 + 15 + 30s/move"]
[WhiteFideId "24116068"]

1.Nf3 d5 2.d4 Nf6 3.Bf4 c5 4.e3 Nc6 5.h3 e6 6.Bd3 Bd6 7.dxc5 Bxc5 8.O-O Bd6 9.Nc3 a6 10.Re1 Bb8 11.Bxb8 Rxb8 12.e4 d4 13.Ne2 e5 14.c3 dxc3 15.Nxc3 Be6 16.Qe2 O-O 17.Rad1 Qa5 18.Bc4 Rbd8 19.Bxe6 fxe6 20.Qc4 Rfe8 21.Rxd8 Qxd8 22.b4 Qd6 23.b5 Nd4 24.Nxd4 Qxd4 25.Qb3 h6 26.bxa6 bxa6 27.Re3 Kh7 28.Qb7 Qd6 29.Rf3 Re7 30.Qb1 Rd7 31.g3 Qd4 32.Re3 Qc4 33.Qf1 Qc6 34.Qe2 Rd4 35.Kg2 Rc4 36.Qd3 Rd4 37.Qe2 Rc4 38.Qd3 Rd4 1/2-1/2

[Event "FIDE Grand Swiss 2023"]
[Site "Villa Marina, Douglas, Isle of Man"]
[Date "2023.10.25"]
[Round "1.5"]
[White "Mamedov, Rauf"]
[Black "Gukesh, D"]
[Result "1/2-1/2"]
[WhiteElo "2640"]
[BlackElo "2758"]
[EventDate "2023.10.25"]
[ECO "B85"]
[PlyCount "46"]
[BlackFideId "46616543"]
[TimeControl "40/100 + 20/50 + 15 + 30s/move"]
[WhiteFideId "13401653"]

1.e4 c5 2.Nf3 Nc6 3.d4 cxd4 4.Nxd4 e6 5.Nc3 Qc7 6.Be3 a6 7.Be2 Nf6 8.O-O Be7 9.f4 d6 10.Qe1 O-O 11.Qg3 Nxd4 12.Bxd4 b5 13.a3 Bb7 14.Rad1 Rad8 15.Kh1 Bc6 16.Bd3 Rd7 17.Qh3 e5 18.Be3 Rb8 19.fxe5 dxe5 20.Bg5 Ne8 21.Be3 Nf6 22.Bg5 Ne8 23.Be3 Nf6 1/2-1/2

[Event "FIDE Grand Swiss 2023"]
[Site "Villa Marina, Douglas, Isle of Man"]
[Date "2023.10.25"]
[Round "1.6"]
[White "Rapport, Richard"]
[Black "Yilmaz, Mustafa"]
[Result "1-0"]
[WhiteElo "2752"]
[BlackElo "2640"]
[EventDate "2023.10.25"]
[ECO "B50"]
[PlyCount "93"]
[BlackFideId "6302718"]
[TimeControl "40/100 + 20/50 + 15 + 30s/move"]
[WhiteFideId "738590"]

1.e4 c5 2.Nf3 d6 3.Be2 Nf6 4.c3 g6 5.O-O Bg7 6.Bb5+ Bd7 7.Bxd7+ Nfxd7 8.d4 Nc6 9.Be3 O-O 10.a4 Rc8 11.d5 Na5 12.Nbd2 c4 13.h4 Nc5 14.h5 Qd7 15.hxg6 hxg6 16.g3 Qg4 17.Bxc5 Rxc5 18.Kg2 e6 19.Rh1 Bf6 20.Qe1 exd5 21.exd5 Rxd5 22.Ne4 Qf5 23.Nxf6+ Qxf6 24.Qe4 Rd3 25.Rh4 Nb3 26.Rah1 Nd2 27.Nxd2 Rxd2 28.Qe3 Rd3 29.Rh8+ Qxh8 30.Rxh8+ Kxh8 31.Qxa7 d5 32.Qxb7 d4 33.Qc7 dxc3 34.Qxc4 Rfd8 35.b4 Kg8 36.b5 R3d4 37.Qc7 c2 38.Qxc2 Rb4 39.Qc7 Re8 40.Qc6 Re6 41.Qc8+ Kh7 42.Qf8 Ree4 43.Qxf7+ Kh6 44.f4 Rxa4 45.b6 Ra8 46.f5 Rg4 47.fxg6 1-0

[Event "FIDE Grand Swiss 2023"]
[Site "Villa Marina, Douglas, Isle of Man"]
[Date "2023.10.25"]
[Round "1.7"]
[White "Warmerdam, Max"]
[Black "Aronian, Levon"]
[Result "0-1"]
[WhiteElo "2636"]
[BlackElo "2742"]
[EventDate "2023.10.25"]
[ECO "A28"]
[PlyCount "82"]
[BlackFideId "13300474"]
[TimeControl "40/100 + 20/50 + 15 + 30s/move"]
[WhiteFideId "1048104"]

1.c4 e5 2.Nc3 Nf6 3.Nf3 Nc6 4.e4 Bc5 5.Nxe5 Qe7 6.Nxc6 dxc6 7.d3 Be6 8.Be2 O-O-O 9.Qc2 Ng4 10.Bxg4 Bxg4 11.Bf4 f5 12.f3 Rhf8 13.fxg4 fxe4 14.Nxe4 Rxf4 15.O-O-O Rxg4 16.Nxc5 Qxc5 17.Kb1 b6 18.Rhf1 Kb7 19.Rf3 h5 20.g3 g5 21.Qe2 Rgd4 22.Re3 g4 23.a3 Rxc4 24.Re5 Rc2 25.Rxc5 Rxe2 26.Rxh5 Rf8 27.Ka2 Rff2 28.Rb1 Rd2 29.Rh4 Rxd3 30.Rxg4 Rxh2 31.Rh4 Rg2 32.Rhh1 c5 33.Rhg1 Rgxg3 34.Rxg3 Rxg3 35.Rc1 Rg4 36.Rh1 a5 37.Rh3 b5 38.Rf3 Kb6 39.Kb3 a4+ 40.Kc2 b4 41.Rf8 b3+ 0-1

[Event "FIDE Grand Swiss 2023"]
[Site "Villa Marina, Douglas, Isle of Man"]
[Date "2023.10.25"]
[Round "1.8"]
[White "Praggnanandhaa, R"]
[Black "Aryan, Chopra"]
[Result "1/2-1/2"]
[WhiteElo "2738"]
[BlackElo "2634"]
[EventDate "2023.10.25"]
[ECO "D11"]
[PlyCount "66"]
[BlackFideId "5084423"]
[TimeControl "40/100 + 20/50 + 15 + 30s/move"]
[WhiteFideId "25059530"]

1.d4 d5 2.c4 c6 3.Nf3 Nf6 4.g3 Bg4 5.Ne5 Bf5 6.cxd5 cxd5 7.Qb3 Qb6 8.Qxb6 axb6 9.Nc3 e6 10.e3 Bb4 11.Bb5+ Ke7 12.Bd2 Na6 13.f3 h5 14.Rc1 Rhc8 15.h3 Bd6 16.g4 Bh7 17.Kf2 Nc7 18.Be2 Bxe5 19.dxe5 Nd7 20.f4 hxg4 21.hxg4 Bg6 22.b4 f6 23.exf6+ Nxf6 24.Bf3 Nce8 25.Rh8 Nd6 26.Rxc8 Rxc8 27.f5 Bf7 28.g5 Nfe4+ 29.Nxe4 Nxe4+ 30.Bxe4 Rxc1 31.Bxc1 dxe4 32.Bb2 exf5 33.Bxg7 b5 1/2-1/2

[Event "FIDE Grand Swiss 2023"]
[Site "Villa Marina, Douglas, Isle of Man"]
[Date "2023.10.25"]
[Round "1.9"]
[White "Gledura, Benjamin"]
[Black "Vachier-Lagrave, Maxime"]
[Result "1/2-1/2"]
[WhiteElo "2633"]
[BlackElo "2727"]
[EventDate "2023.10.25"]
[ECO "D85"]
[PlyCount "62"]
[BlackFideId "623539"]
[TimeControl "40/100 + 20/50 + 15 + 30s/move"]
[WhiteFideId "712779"]

1.d4 Nf6 2.c4 g6 3.Nc3 d5 4.cxd5 Nxd5 5.e4 Nxc3 6.bxc3 Bg7 7.Nf3 c5 8.Bb5+ Nc6 9.Rb1 O-O 10.d5 Ne5 11.Nxe5 Bxe5 12.Qd2 e6 13.f4 Bc7 14.Bc4 a6 15.a4 b5 16.axb5 axb5 17.Bxb5 exd5 18.Bc6 Qh4+ 19.g3 Qh5 20.Bxd5 Rd8 21.O-O Ra4 22.Qc2 Bh3 23.Be3 Ra3 24.Bxc5 Ra5 25.Bd4 Bxf1 26.Rxf1 Raxd5 27.exd5 Qxd5 28.Re1 Bd6 29.Qe4 Qb5 30.f5 Bc5 31.Qe5 Bxd4+ 1/2-1/2

[Event "FIDE Grand Swiss 2023"]
[Site "Villa Marina, Douglas, Isle of Man"]
[Date "2023.10.25"]
[Round "1.10"]
[White "Duda, Jan-Krzysztof"]
[Black "Idani, Pouya"]
[Result "1-0"]
[WhiteElo "2726"]
[BlackElo "2633"]
[EventDate "2023.10.25"]
[ECO "D31"]
[PlyCount "63"]
[BlackFideId "12510130"]
[TimeControl "40/100 + 20/50 + 15 + 30s/move"]
[WhiteFideId "1170546"]

1.c4 e6 2.Nc3 d5 3.d4 h6 4.Nf3 Nf6 5.Bf4 Bd6 6.Bxd6 Qxd6 7.c5 Qe7 8.e3 O-O 9.b4 c6 10.Be2 a6 11.O-O Nbd7 12.a4 e5 13.Qc2 e4 14.Nd2 Nh7 15.b5 f5 16.Nb3 a5 17.Qd2 g5 18.Nxa5 Rxa5 19.Nxd5 cxd5 20.Qxa5 Ndf6 21.Qb6 f4 22.a5 f3 23.gxf3 Bh3 24.a6 exf3 25.Bxf3 bxa6 26.bxa6 g4 27.Qb7 Qe6 28.Bh1 Ng5 29.a7 Nf3+ 30.Bxf3 gxf3 31.Qb8 Bxf1 32.a8=Q 1-0

[Event "FIDE Grand Swiss 2023"]
[Site "Villa Marina, Douglas, Isle of Man"]
[Date "2023.10.25"]
[Round "1.11"]
[White "Kollars, Dmitrij"]
[Black "Yu, Yangyi"]
[Result "0-1"]
[WhiteElo "2633"]
[BlackElo "2720"]
[EventDate "2023.10.25"]
[ECO "B42"]
[PlyCount "94"]
[BlackFideId "8603820"]
[TimeControl "40/100 + 20/50 + 15 + 30s/move"]
[WhiteFideId "12909572"]

1.e4 c5 2.Nf3 e6 3.d4 cxd4 4.Nxd4 a6 5.Bd3 Bc5 6.Nb3 Ba7 7.Qe2 Ne7 8.Be3 O-O 9.Nc3 b5 10.O-O-O b4 11.Na4 d6 12.e5 Nd5 13.exd6 Qxd6 14.Be4 Nd7 15.Bxd5 exd5 16.Bxa7 Rxa7 17.Qe3 Rc7 18.Nd4 Ne5 19.Rhe1 f6 20.b3 Bd7 21.Nb2 Rc3 22.Qd2 Rfc8 23.Kb1 a5 24.f4 Nf7 25.g3 h5 26.Re3 Qc5 27.Qe1 Rxe3 28.Qxe3 Re8 29.Nd3 Qc3 30.Qf2 Nd6 31.Ne2 Qc7 32.Re1 Bg4 33.Ng1 Rc8 34.Rc1 Nb5 35.Qd2 Qb6 36.Qf2 Qc6 37.Qd2 d4 38.a4 Nc3+ 39.Kb2 Bf5 40.Ne1 Rd8 41.Nd3 Re8 42.Nf2 Ne4 43.Nxe4 Rxe4 44.Ka2 Qc3 45.Qd1 Bg4 46.Qf1 Re3 47.h3 Be6 0-1

[Event "FIDE Grand Swiss 2023"]
[Site "Villa Marina, Douglas, Isle of Man"]
[Date "2023.10.25"]
[Round "1.12"]
[White "Keymer, Vincent"]
[Black "Murzin, Volodar"]
[Result "1/2-1/2"]
[WhiteElo "2717"]
[BlackElo "2633"]
[EventDate "2023.10.25"]
[ECO "D35"]
[PlyCount "85"]
[BlackFideId "44155573"]
[TimeControl "40/100 + 20/50 + 15 + 30s/move"]
[WhiteFideId "12940690"]

1.d4 d5 2.c4 e6 3.Nc3 Nf6 4.cxd5 exd5 5.Bg5 c6 6.e3 h6 7.Bh4 Be7 8.Bd3 O-O 9.Bg3 Ne8 10.Nf3 Nd6 11.Qc2 a5 12.O-O Na6 13.a3 Re8 14.h3 Bf8 15.Rad1 Nc7 16.Ne5 Be6 17.Ne2 g6 18.f3 Bg7 19.e4 a4 20.Qc1 Ncb5 21.Bc2 g5 22.Rfe1 dxe4 23.fxe4 Bb3 24.Bxb3 axb3 25.Qe3 Qb6 26.a4 Rxa4 27.Qxb3 Qa5 28.Rf1 Rb4 29.Qf3 Qa2 30.Nc3 Qe6 31.d5 cxd5 32.exd5 Qe7 33.Rde1 Nxc3 34.bxc3 Re4 35.Ng4 Qd7 36.Nf6+ Bxf6 37.Qxf6 Rxe1 38.Bxe1 Ne4 39.Qd4 b5 40.Rf3 f5 41.Re3 Rd8 42.Rd3 Qd6 43.g4 1/2-1/2

[Event "FIDE Grand Swiss 2023"]
[Site "Villa Marina, Douglas, Isle of Man"]
[Date "2023.10.25"]
[Round "1.13"]
[White "Sargsyan, Shant"]
[Black "Abdusattorov, Nodirbek"]
[Result "0-1"]
[WhiteElo "2631"]
[BlackElo "2716"]
[EventDate "2023.10.25"]
[ECO "D27"]
[PlyCount "104"]
[BlackFideId "14204118"]
[TimeControl "40/100 + 20/50 + 15 + 30s/move"]
[WhiteFideId "13306766"]

1.d4 d5 2.c4 dxc4 3.Nf3 Nf6 4.e3 e6 5.Bxc4 c5 6.O-O a6 7.Be2 Nbd7 8.b3 b6 9.Ne5 Nxe5 10.dxe5 Nd5 11.Bb2 Bb7 12.Nd2 Qc7 13.Nc4 Rd8 14.Qc1 b5 15.Nd6+ Bxd6 16.exd6 Qxd6 17.a4 b4 18.Rd1 O-O 19.a5 Qe7 20.Qc4 Rd7 21.Rac1 Rc8 22.h4 Qd8 23.e4 Nf4 24.Rxd7 Qxd7 25.Bf1 Qd2 26.Rc2 Qd1 27.f3 Qd8 28.g3 Nh5 29.Rg2 Qxa5 30.Qc1 Nf6 31.g4 Qd8 32.Qf4 Nd7 33.Rd2 Qe7 34.g5 a5 35.Rd6 a4 36.Bb5 a3 37.Bxa3 bxa3 38.Rxd7 Qf8 39.Rxb7 a2 40.Qe5 Ra8 41.Ba4 Qc8 42.Rb5 c4 43.bxc4 Rxa4 44.Qa1 Rxc4 45.Kg2 h5 46.gxh6 gxh6 47.Kh3 Rc2 48.Qe5 Kh7 49.Ra5 Rf2 50.Kg3 Qc2 51.Kg4 Rf1 52.Kh5 Qg2 0-1

[Event "FIDE Grand Swiss 2023"]
[Site "Villa Marina, Douglas, Isle of Man"]
[Date "2023.10.25"]
[Round "1.14"]
[White "Harikrishna, Pentala"]
[Black "Henriquez Villagra, Cristobal"]
[Result "1/2-1/2"]
[WhiteElo "2716"]
[BlackElo "2630"]
[EventDate "2023.10.25"]
[ECO "B53"]
[PlyCount "233"]
[BlackFideId "3409350"]
[TimeControl "40/100 + 20/50 + 15 + 30s/move"]
[WhiteFideId "5007003"]

1.e4 c5 2.Nf3 d6 3.d4 cxd4 4.Qxd4 Nc6 5.Qe3 Nf6 6.h3 g6 7.Bc4 Bg7 8.O-O O-O 9.Rd1 Qc7 10.Nc3 a6 11.a4 e6 12.Qe2 Nh5 13.Be3 Ne5 14.Nxe5 Bxe5 15.a5 Bd7 16.Bb6 Qc8 17.Bb3 Bc6 18.Qe3 Qe8 19.Ne2 Bxb2 20.Ra2 Bg7 21.Rxd6 Be5 22.Rd1 Qb8 23.Nd4 Rc8 24.c4 Bxd4 25.Rxd4 Qf4 26.Re2 e5 27.Rd6 Re8 28.c5 Rac8 29.Re1 Qxe3 30.Rxe3 Nf4 31.f3 Kg7 32.h4 Ne6 33.Kf2 Nd4 34.Bd5 Kf8 35.g4 Ne6 36.Ba2 Kg7 37.Red3 h6 38.Rd2 Kf8 39.Kg3 Ba4 40.R2d5 Nf4 41.Rd2 Ne6 42.Rb2 Bc6 43.Bd5 Kg7 44.Rd2 Re7 45.g5 hxg5 46.hxg5 Ree8 47.Bxe6 Rxe6 48.Rd8 Re8 49.Rxc8 Rxc8 50.Bd8 Kf8 51.Bf6 Ke8 52.Bxe5 Ba4 53.Bd6 Kd7 54.Kf4 Re8 55.Ke3 Kc6 56.Rb2 Bb5 57.Rh2 Kd7 58.Kd4 Bc6 59.Rh4 Ba4 60.Rf4 Bb3 61.Kc3 Be6 62.Rh4 Kc6 63.Rh2 Bc8 64.Kc4 Be6+ 65.Kd4 Bc8 66.Rb2 Kd7 67.Be5 Re6 68.Kd5 Kd8 69.Bd6 Kd7 70.Rh2 Re8 71.Rh7 Kd8 72.c6 Be6+ 73.Kc5 bxc6 74.Rh2 Kd7 75.Rd2 Bh3 76.Kb6 Bf1 77.Bf4+ Kc8 78.Kxc6 Bb5+ 79.Kd5 Kd7 80.Kc5+ Ke7 81.Bc7 Rh8 82.Kb6 Rh3 83.Rf2 Ke6 84.Kc5 Rh1 85.Bf4 Rf1 86.Rd2 Rc1+ 87.Kb6 Rc6+ 88.Kb7 Rc3 89.Rd6+ Ke7 90.Be5 Rxf3 91.Kc7 Rd3 92.Bd4 Ke8 93.Rd5 Ke7 94.Re5+ Kf8 95.Bc5+ Kg8 96.Be7 Rc3+ 97.Kb7 Rd3 98.Kb6 Rd7 99.Bb4 f6 100.gxf6 Kf7 101.Be7 Rd4 102.Kc5 Rd2 103.Rg5 Ra2 104.Kd6 Rd2+ 105.Ke5 Ra2 106.Bd8 Rd2 107.Bb6 Rh2 108.Rg1 Rh5+ 109.Kd6 Kxf6 110.e5+ Kf5 111.e6 g5 112.Re1 Rh2 113.e7 Rh6+ 114.Kc7 Rc6+ 115.Kb7 Re6 116.e8=Q Rxe8 117.Rxe8 1/2-1/2

[Event "FIDE Grand Swiss 2023"]
[Site "Villa Marina, Douglas, Isle of Man"]
[Date "2023.10.25"]
[Round "1.15"]
[White "L'ami, Erwin"]
[Black "Vidit, Santosh Gujrathi"]
[Result "1-0"]
[WhiteElo "2627"]
[BlackElo "2716"]
[EventDate "2023.10.25"]
[ECO "E32"]
[PlyCount "129"]
[BlackFideId "5029465"]
[TimeControl "40/100 + 20/50 + 15 + 30s/move"]
[WhiteFideId "1007998"]

1.d4 Nf6 2.c4 e6 3.Nc3 Bb4 4.Qc2 O-O 5.a3 Bxc3+ 6.Qxc3 Nc6 7.e3 Re8 8.Ne2 d5 9.cxd5 Ne4 10.Qd3 exd5 11.f3 Nd6 12.Nf4 g5 13.Nxd5 Nf5 14.Nc3 Nfxd4 15.Kf2 Bf5 16.e4 Be6 17.Rb1 Bb3 18.Qd2 Re5 19.h4 g4 20.Qh6 Re6 21.Qg5+ Rg6 22.Qxd8+ Rxd8 23.h5 Re6 24.Bg5 f6 25.Be3 f5 26.fxg4 fxe4 27.Kg3 Ne5 28.Rh4 c5 29.Kh2 Bc2 30.Ra1 Bd3 31.Rd1 c4 32.Bxd4 Rxd4 33.g5 Nf7 34.g6 hxg6 35.hxg6 Ne5 36.Bxd3 cxd3 37.Nxe4 Kg7 38.Kg1 Rxg6 39.Rf4 Nc4 40.Ng3 Nxb2 41.Nf5+ Kh8 42.Rxd4 Nxd1 43.Rh4+ Kg8 44.Ne7+ Kg7 45.Nxg6 Kxg6 46.Rd4 Nb2 47.Kf2 b5 48.Ke3 a5 49.Rd6+ Kf7 50.Ra6 a4 51.g4 Nc4+ 52.Kxd3 Nxa3 53.Rb6 Kg7 54.g5 Kh7 55.Ke4 Nc4 56.Ra6 a3 57.Kf5 Ne3+ 58.Kf6 Ng4+ 59.Kf7 Ne5+ 60.Kf6 Ng4+ 61.Kf5 Ne3+ 62.Kf4 Nd5+ 63.Ke5 Ne3 64.g6+ Kh6 65.Rxa3 1-0

[Event "FIDE Grand Swiss 2023"]
[Site "Villa Marina, Douglas, Isle of Man"]
[Date "2023.10.25"]
[Round "1.16"]
[White "Erigaisi, Arjun"]
[Black "Svane, Frederik"]
[Result "1-0"]
[WhiteElo "2712"]
[BlackElo "2626"]
[EventDate "2023.10.25"]
[ECO "D38"]
[PlyCount "73"]
[BlackFideId "12923044"]
[TimeControl "40/100 + 20/50 + 15 + 30s/move"]
[WhiteFideId "35009192"]

1.d4 Nf6 2.c4 e6 3.Nf3 d5 4.cxd5 exd5 5.Nc3 Bb4 6.Bf4 Ne4 7.Rc1 Nd7 8.Nd2 Nxd2 9.Qxd2 c6 10.a3 Be7 11.e3 Nf6 12.h4 O-O 13.Bd3 g6 14.Bg5 Re8 15.f3 Kg7 16.Kd1 Ng8 17.Bf4 Bxh4 18.e4 Be6 19.Kc2 h6 20.g4 Rc8 21.e5 c5 22.Be3 g5 23.Kb1 cxd4 24.Bxd4 Ne7 25.Rxh4 gxh4 26.Rh1 Nc6 27.Bf2 Nxe5 28.Bxh4 f6 29.Qxh6+ Kf7 30.Bg6+ Nxg6 31.Qh7+ Kf8 32.Qxg6 Rc6 33.Bxf6 Bf5+ 34.Qxf5 Rxf6 35.Rh8+ Ke7 36.Nxd5+ Qxd5 37.Rxe8+ 1-0

[Event "FIDE Grand Swiss 2023"]
[Site "Villa Marina, Douglas, Isle of Man"]
[Date "2023.10.25"]
[Round "1.17"]
[White "Durarbayli, Vasif"]
[Black "Vitiugov, Nikita"]
[Result "1/2-1/2"]
[WhiteElo "2625"]
[BlackElo "2711"]
[EventDate "2023.10.25"]
[ECO "C88"]
[PlyCount "80"]
[BlackFideId "4152956"]
[TimeControl "40/100 + 20/50 + 15 + 30s/move"]
[WhiteFideId "13402935"]

1.e4 e5 2.Nf3 Nc6 3.Bb5 a6 4.Ba4 Nf6 5.O-O Be7 6.Re1 b5 7.Bb3 O-O 8.a4 b4 9.d4 d6 10.dxe5 Nxe5 11.Nxe5 dxe5 12.Qxd8 Rxd8 13.Nd2 Bc5 14.Nf3 Ng4 15.Be3 Bxe3 16.fxe3 Rd6 17.Rad1 Be6 18.Rxd6 cxd6 19.Rd1 Rd8 20.h3 Nxe3 21.Rd2 Bxb3 22.cxb3 f5 23.exf5 e4 24.Nd4 Re8 25.g4 h5 26.Ne6 hxg4 27.hxg4 d5 28.Nc7 Re5 29.a5 Nxg4 30.Rxd5 Kf7 31.Rxe5 Nxe5 32.Kf2 Nd3+ 33.Ke3 Nc5 34.Kf4 Nxb3 35.Nxa6 Nxa5 36.Nxb4 Nc4 37.Kxe4 Nxb2 38.Nd5 Nc4 39.Kf4 g6 40.fxg6+ Kxg6 1/2-1/2

[Event "FIDE Grand Swiss 2023"]
[Site "Villa Marina, Douglas, Isle of Man"]
[Date "2023.10.25"]
[Round "1.18"]
[White "Maghsoodloo, Parham"]
[Black "Kuzubov, Yuriy"]
[Result "1-0"]
[WhiteElo "2707"]
[BlackElo "2625"]
[EventDate "2023.10.25"]
[ECO "D35"]
[PlyCount "73"]
[BlackFideId "14112906"]
[TimeControl "40/100 + 20/50 + 15 + 30s/move"]
[WhiteFideId "12539929"]

1.c4 e6 2.Nc3 d5 3.d4 Nf6 4.cxd5 exd5 5.Bg5 c6 6.e3 Be7 7.Bd3 Nbd7 8.h3 O-O 9.Bf4 c5 10.dxc5 Nxc5 11.Bc2 Qb6 12.Rb1 Rd8 13.Nge2 Nce4 14.Be5 Qe6 15.Bc7 Nxc3 16.bxc3 Rf8 17.O-O b6 18.Nf4 Qc6 19.Be5 Ba6 20.Ba4 Qc8 21.Bb5 Bb7 22.Qc2 Nd7 23.Bd4 Nc5 24.a4 Bd6 25.Nh5 f6 26.g4 Qc7 27.a5 Bc6 28.axb6 axb6 29.Qf5 Bb7 30.f4 Ra2 31.Ra1 Rxa1 32.Rxa1 Nb3 33.Bd3 Nxa1 34.Qxh7+ Kf7 35.Nxg7 Ke7 36.Bg6 Bxf4 37.Ne8+ 1-0

[Event "FIDE Grand Swiss 2023"]
[Site "Villa Marina, Douglas, Isle of Man"]
[Date "2023.10.25"]
[Round "1.19"]
[White "Mendonca, Leon Luke"]
[Black "Van Foreest, Jorden"]
[Result "1/2-1/2"]
[WhiteElo "2622"]
[BlackElo "2707"]
[EventDate "2023.10.25"]
[ECO "C65"]
[PlyCount "108"]
[BlackFideId "1039784"]
[TimeControl "40/100 + 20/50 + 15 + 30s/move"]
[WhiteFideId "35028561"]

1.e4 e5 2.Nf3 Nc6 3.Bb5 Nf6 4.d3 d6 5.O-O a6 6.Bxc6+ bxc6 7.d4 exd4 8.Nxd4 c5 9.Nc6 Qd7 10.Na5 Qa4 11.Bd2 Be7 12.Re1 Bg4 13.f3 Be6 14.Kh1 Qd7 15.c4 c6 16.Nc3 O-O 17.Qa4 Rac8 18.Rad1 Qc7 19.Ne2 Nh5 20.a3 Bh4 21.Rf1 f5 22.Nf4 Qf7 23.exf5 Bxf5 24.Nxh5 Qxh5 25.Bf4 Be4 26.fxe4 Rxf4 27.Rxf4 Bg3 28.h3 Bxf4 29.Rf1 Be5 30.Qd1 Qe8 31.b4 h6 32.Qd2 Rb8 33.Rd1 Kh7 34.Rf1 cxb4 35.axb4 c5 36.bxc5 Rb2 37.Qd3 dxc5 38.Nb3 Qe7 39.Qe3 Qe6 40.Nxc5 Qxc4 41.Nd3 Rb3 42.Rd1 Qc2 43.Qf3 Rb1 44.Rf1 Bd4 45.Qf5+ g6 46.Qd7+ Bg7 47.Rxb1 Qxb1+ 48.Kh2 a5 49.e5 a4 50.Qd6 Qa1 51.e6 Qf6 52.Qd7 a3 53.e7 Qxe7 54.Qxe7 a2 1/2-1/2

[Event "FIDE Grand Swiss 2023"]
[Site "Villa Marina, Douglas, Isle of Man"]
[Date "2023.10.25"]
[Round "1.20"]
[White "Deac, Bogdan-Daniel"]
[Black "Tari, Aryan"]
[Result "1/2-1/2"]
[WhiteElo "2701"]
[BlackElo "2619"]
[EventDate "2023.10.25"]
[ECO "A34"]
[PlyCount "85"]
[BlackFideId "1510045"]
[TimeControl "40/100 + 20/50 + 15 + 30s/move"]
[WhiteFideId "1226380"]

1.c4 c5 2.Nf3 Nf6 3.Nc3 e6 4.a3 Nc6 5.d4 cxd4 6.Nxd4 d5 7.cxd5 Nxd5 8.Nxc6 bxc6 9.Qc2 Be7 10.e4 Nxc3 11.Qxc3 O-O 12.Be3 Qc7 13.Bd4 Qf4 14.Bd3 Rd8 15.Rd1 c5 16.Be5 Qg5 17.O-O Bf6 18.Bxf6 Qxf6 19.Qxc5 Qxb2 20.Bb5 Rf8 21.Rb1 Qf6 22.e5 Qd8 23.Be2 Bd7 24.Rfd1 Qe8 25.Rd6 Rc8 26.Qxa7 Bc6 27.h4 Ra8 28.Qe3 Bd5 29.Rb4 Kh8 30.h5 h6 31.Rg4 Ra4 32.Rb4 Qa8 33.Rxa4 Qxa4 34.Ra6 Qc2 35.Rb6 Rc8 36.f3 Rc3 37.Qd4 Rxa3 38.Rb8+ Kh7 39.Rb2 Qc1+ 40.Kh2 Ra8 41.Qd2 Qxd2 42.Rxd2 g5 43.hxg6+ 1/2-1/2

[Event "FIDE Grand Swiss 2023"]
[Site "Villa Marina, Douglas, Isle of Man"]
[Date "2023.10.25"]
[Round "1.21"]
[White "Theodorou, Nikolas"]
[Black "Sevian, Samuel"]
[Result "0-1"]
[WhiteElo "2619"]
[BlackElo "2698"]
[EventDate "2023.10.25"]
[ECO "E15"]
[PlyCount "106"]
[BlackFideId "2040506"]
[TimeControl "40/100 + 20/50 + 15 + 30s/move"]
[WhiteFideId "4262875"]

1.d4 Nf6 2.c4 e6 3.Nf3 b6 4.g3 Ba6 5.b3 Bb4+ 6.Bd2 Be7 7.Bg2 d5 8.O-O O-O 9.Ne5 Bb7 10.Nc3 Nbd7 11.Bf4 c5 12.dxc5 Nxc5 13.cxd5 exd5 14.Rc1 a6 15.Be3 Rc8 16.b4 Ne6 17.Nxd5 Rxc1 18.Nxe7+ Qxe7 19.Qxc1 Bxg2 20.Kxg2 Qxb4 21.Qb1 Qc3 22.Nf3 Nd5 23.Bd2 Qc4 24.Re1 b5 25.h3 Re8 26.Ne5 Qc7 27.Nf3 Qc4 28.Ne5 Qa4 29.Nf3 h6 30.e4 Nb6 31.Be3 Nc4 32.Qb3 Qa5 33.Re2 Rd8 34.Rc2 Qc7 35.a4 Nxe3+ 36.fxe3 Qb7 37.Qb4 a5 38.Qxb5 Qxe4 39.Rf2 Rd5 40.Qe8+ Kh7 41.Qxf7 Rf5 42.Qd7 Qxe3 43.h4 Qe4 44.Qd1 Qg4 45.Qf1 Kh8 46.Qb1 Nf4+ 47.Kh1 Nh5 48.Qb8+ Kh7 49.Kh2 Nf6 50.Kg2 Qe4 51.Rf1 Ng4 52.Kh3 Ne3 53.Ng5+ hxg5 0-1

[Event "FIDE Grand Swiss 2023"]
[Site "Villa Marina, Douglas, Isle of Man"]
[Date "2023.10.25"]
[Round "1.22"]
[White "Shankland, Sam"]
[Black "Nguyen, Thai Dai Van"]
[Result "1/2-1/2"]
[WhiteElo "2698"]
[BlackElo "2618"]
[EventDate "2023.10.25"]
[ECO "D04"]
[PlyCount "96"]
[BlackFideId "358878"]
[TimeControl "40/100 + 20/50 + 15 + 30s/move"]
[WhiteFideId "2004887"]

1.d4 Nf6 2.Nf3 d5 3.e3 c5 4.Nbd2 Nc6 5.dxc5 e6 6.a3 a5 7.b3 Bxc5 8.Bb2 O-O 9.Bb5 Qe7 10.O-O Bd6 11.Qe2 e5 12.e4 Nxe4 13.Nxe4 dxe4 14.Qxe4 f5 15.Qh4 Qxh4 16.Nxh4 e4 17.Rad1 Be7 18.Bc4+ Kh8 19.g3 f4 20.Ng2 fxg3 21.hxg3 Bf6 22.Bxf6 Rxf6 23.Rfe1 Bg4 24.Be2 Bf5 25.Ne3 Raf8 26.Nxf5 Rxf5 27.Rf1 Ne5 28.Rd4 Nf3+ 29.Bxf3 exf3 30.Re1 Rc5 31.c4 b5 32.Rf4 Kg8 33.Rxf8+ Kxf8 34.Re3 bxc4 35.Rxf3+ Ke7 36.Rc3 Kd6 37.bxc4 g5 38.Kg2 Ke5 39.Rc1 Kd4 40.Kh3 h5 41.f4 gxf4 42.gxf4 Ke4 43.Kg3 a4 44.Rf1 Rxc4 45.f5 Ke5 46.f6 Rg4+ 47.Kh3 Rg8 48.Kh4 Ke6 1/2-1/2

[Event "FIDE Grand Swiss 2023"]
[Site "Villa Marina, Douglas, Isle of Man"]
[Date "2023.10.25"]
[Round "1.23"]
[White "Ter-Sahakyan, Samvel"]
[Black "Artemiev, Vladislav"]
[Result "1/2-1/2"]
[WhiteElo "2618"]
[BlackElo "2697"]
[EventDate "2023.10.25"]
[ECO "C88"]
[PlyCount "60"]
[BlackFideId "24101605"]
[TimeControl "40/100 + 20/50 + 15 + 30s/move"]
[WhiteFideId "13302531"]

1.e4 e5 2.Nf3 Nc6 3.Bb5 a6 4.Ba4 Nf6 5.O-O Be7 6.Re1 b5 7.Bb3 O-O 8.a4 Rb8 9.axb5 axb5 10.c3 d6 11.d4 exd4 12.cxd4 d5 13.e5 Ne4 14.Nc3 Nxc3 15.bxc3 Bf5 16.Ra6 Qd7 17.Qe2 Nd8 18.Qa2 c6 19.Ba3 b4 20.Bxb4 Bxb4 21.cxb4 Rxb4 22.Ra7 Qc8 23.Ra8 Qb7 24.Ra7 Qb6 25.Ra6 Qc7 26.Ra7 Qb6 27.Ra6 Qb5 28.Ra5 Qb6 29.Ra6 Qb5 30.Ra5 Qb6 1/2-1/2